 Dungeon Crawl Stone Soup version 0.23-a0-241-g3b46b07 (webtiles) character file.

80830 CozyGlow the Warrior (level 15, -1/133 HPs)
             Began as a Demonspawn Berserker on Sept 25, 2018.
             Was a High Priest of Trog.
             Slain by a death yak (8 damage)
             ... led by Polyphemus
             ... on level 3 of the Shoals on Sept 26, 2018.
             The game lasted 01:55:58 (32296 turns).

CozyGlow the Warrior (Demonspawn Berserker)        Turns: 32296, Time: 01:55:58

Health: -1/133     AC: 26    Str: 25    XL:     15   Next: 25%
Magic:  0/15       EV:  2    Int:  8    God:    Trog [*****.]
Gold:   1550       SH:  0    Dex: 16    Spells: 14/14 levels left

rFire    . . .     SeeInvis +   y - +9 executioner's axe (chaos)
rCold    . . .     Gourm    .   (shield currently unavailable)
rNeg     + + +     Faith    .   R - +2 plate armour {rPois}
rPois    ∞         Spirit   +   A - +0 helmet
rElec    .         Reflect  .   (no cloak)
rCorr    .         Harm     .   s - +0 pair of gloves
MR       +++..                  (boots unavailable)
Stlth    ..........             e - amulet of guardian spirit
HPRegen  1.32/turn              m - +4 ring of strength
MPRegen  0.14/turn              a - ring of see invisible

@: petrified, berserk cooldown, starving, regenerating, slowed
A: hooves 3, iridescent scales 3, demonic guardian 2, powered by death 1
a: Berserk, Trog's Hand, Brothers in Arms, Renounce Religion


You were on level 3 of the Shoals.
You worshipped Trog.
Trog was extremely pleased with you.
You were starving.

You visited 3 branches of the dungeon, and saw 23 of its levels.

You collected 1634 gold pieces.
You spent 84 gold pieces at shops.

Inventory:

Hand Weapons
 l - a +8 hunting sling of flaming
 y - a +9 executioner's axe of chaos (weapon)
 P - a +3 antimagic dagger
Missiles
 I - 12 curare-tipped needles
 N - 61 poisoned needles
Armour
 s - a +0 pair of gloves (worn)
 A - a +0 helmet (worn)
 J - a +1 chain mail of positive energy
 R - a +2 plate armour of poison resistance (worn)
Jewellery
 a - a ring of see invisible (right hand)
 c - an uncursed ring of stealth
 e - an amulet of guardian spirit (around neck)
 m - a +4 ring of strength (left hand)
 r - an uncursed ring of protection from magic
 v - an uncursed ring of fire
 H - an uncursed amulet of rage
 V - a +3 amulet of reflection
Wands
 b - a wand of acid (6)
 j - a wand of random effects (30)
 n - a wand of digging (9)
 u - a wand of iceblast (12)
 w - a wand of paralysis (46)
 Q - a wand of disintegration (13) (quivered)
 U - a wand of polymorph (35)
 W - a wand of clouds (4)
Scrolls
 d - a scroll of fog
 g - 12 scrolls of teleportation
 k - 5 scrolls of enchant weapon
 o - a scroll of immolation
 q - 5 scrolls of enchant armour
 z - 5 scrolls of remove curse
 D - a scroll of blinking
 K - 2 scrolls of vulnerability
 L - a scroll of torment {unknown}
 X - a scroll of identify
 Z - a scroll of magic mapping
Potions
 f - 3 potions of lignification
 h - 6 potions of curing
 i - 2 potions of might
 p - 2 potions of berserk rage
 t - 2 potions of flight
 B - a potion of magic
 C - 4 potions of haste
 E - 3 potions of mutation
 F - 4 potions of resistance
 G - 2 potions of brilliance
 M - 3 potions of invisibility
 S - 2 potions of cancellation
 T - 3 potions of heal wounds
 Y - 3 potions of agility
Comestibles
 x - 2 chunks of flesh
 O - 6 rations


   Skills:
 * Level 16.8 Fighting
 + Level 13.8 Axes
 + Level 12.1 Armour
 - Level 7.4 Dodging


You had 14 spell levels left.
You didn't know any spells.
Your spell library contained the following spells:

 Spells                   Type           Power        Failure   Level  Hunger
 Freeze                   Ice            #...         98%         1    ##.....
 Throw Frost              Conj/Ice       #.....       99%         2    ###....
 Ozocubu's Armour         Chrm/Ice       #.......     100%        3    ####...
 Summon Ice Beast         Ice/Summ       #.......     100%        4    #####..
 Throw Icicle             Conj/Ice       #.......     100%        4    #####..


Dungeon Overview and Level Annotations

Branches:
Dungeon (14/15)            Temple (0/1) D:6            Lair (6/6) D:10
 Shoals (3/4) Lair:2       Spider (0/4) Lair:2          Orc (0/2) D:12
 Vaults (0/5) D:13
  Slime: Lair:5-6

Altars:
Cheibriados
Dithmenos
Elyvilon
Fedhas
Gozag
Hepliaklqana
Nemelex Xobeh
Okawaru
Ru
Sif Muna
Trog
Wu Jian
Zin
The Shining One

Shops:
D:7 [   D:10 }   D:11 *   D:12 (

Portals:
Trove: D:12 (show abyssal rune of Zot)

Annotations:
D:3 3 runed doors, Hydra's ghost, amateur DsBe
Lair:5 exclusion: oklob plant
Shoals:3 Polyphemus


Innate Abilities, Weirdness & Mutations

You have hooves in place of feet.
You are completely covered in iridescent scales. (AC +6)
A demonic guardian rushes to your aid.
You regenerate a little health from kills.


Message History

The death yak gores you but does no damage.
The merfolk impaler hits you from afar with a trident of flaming!
* * * LOW HITPOINT WARNING * * *
The merfolk impaler burns you.
* * * LOW HITPOINT WARNING * * *
Your smoke demon gestures at the death yak.
The death yak is smitten.
The death yak gores you but does no damage.
The death yak gores you!
* * * LOW HITPOINT WARNING * * *
The merfolk hits you from afar with a glaive.
The merfolk impaler hits you from afar with a trident of flaming.
* * * LOW HITPOINT WARNING * * *
The merfolk impaler burns you.
The death yak closely misses your smoke demon.
Your smoke demon barely misses the death yak.
Your smoke demon hits the death yak.
Your smoke demon hits the death yak but does no damage.
The death yak gores you!!
You die...

..≈.≈≈≈≈≈≈≈≈
.....≈≈≈≈≈≈ ......≈≈≈≈≈
....≈≈≈≈≈≈ . #....≈≈≈≈≈
.. ####..m.≈≈≈≈≈≈
...#...††C.≈≈≈≈≈≈
≈......Y@.≈≈≈≈≈≈≈
......mY3Y≈.≈≈≈≈≈
##.....≈(≈≈≈≈≈≈≈≈≈ ≈.#
#..≈≈≈≈.≈≈≈≈≈.≈≈≈≈ ≈≈.
#..≈≈≈≈.≈≈≈.....≈≈ ≈≈≈.
#..≈≈≈≈≈≈≈.)......
≈≈≈..
#...≈≈≈≈≈≈..>#....
≈≈≈.P #..^≈≈≈≈...###...
≈≈≈..####.....≈≈.......


You could see Polyphemus (paralysed), a merfolk impaler, 3 death yaks, a merfolk
and a friendly smoke demon.

Vanquished Creatures
  The ghost of Kuptuin the Severer, a journeyman HOFi of Okawaru (Shoals:1)
  A very ugly thing (D:12)
  A dire elephant (Lair:4)
  The ghost of Wucayzon the Fighter, a journeyman MiFi of Makhleb (Lair:2)
  A great orb of eyes (D:14)
  A merfolk impaler (Shoals:1)
  3 catoblepae
  A merfolk avatar (Shoals:1)
  A two-headed ogre (D:11)
  A death knight (D:13)
  2 centaur warriors (D:14)
  7 death yaks
  A deep elf knight (D:13)
  Nergalle (Lair:3)
  3 sea snakes
  An unseen horror (D:10)
  An orc knight (D:12)
  5 ugly things
  A phantasmal warrior (D:14)
  3 fauns (Shoals:1)
  A deep elf mage (D:13)
  5 manticores
  A centaur zombie (D:13)
  3 merfolk sirens
  10 elephants
  3 black mambas
  A torpor snail (Lair:4)
  11 spiny frogs
  A yaktaur (D:13)
  4 komodo dragons
  3 rime drakes (Lair:4)
  6 merfolk
  2 trolls
  3 wind drakes
  9 blink frogs
  3 snapping turtles
  8 dream sheep
  6 hippogriffs
  A meliai zombie (D:14)
  A spriggan (shapeshifter) (D:14)
  A vampire (D:13)
  4 redbacks (Lair:2)
  3 wyverns
  A basilisk (Lair:2)
  3 wraiths (Lair:5)
  A hungry ghost (D:11)
  A water elemental (Shoals:1)
  51 yaks
  An acid dragon (D:14)
  8 water moccasins
  A hornet zombie (D:10)
  6 porcupines
  2 sky beasts
  2 ice beasts
  5 orc warriors
  A black bear (D:8)
  An eye of draining (D:12)
  5 ogres
  A phantom (D:6)
  13 centaurs
  A boggart (D:14)
  9 wolves (Lair:3)
  4 big kobolds
  9 crocodiles
  A gnoll sergeant (D:12)
  Blork the orc (D:4)
  12 bullfrogs
  A wyvern zombie (D:10)
  A hornet simulacrum (D:12)
  A wyvern skeleton (D:12)
  4 scorpions
  3 killer bees (D:9)
  2 electric eels (D:11)
  5 crimson imps
  4 hounds
  4 jellies
  8 orc priests
  2 bullfrog skeletons
  11 orc wizards
  A centaur skeleton (D:8)
  4 iguanas
  12 worker ants
  Natasha (twice) (D:4 D:7)
  A hound skeleton (D:10)
  2 hound zombies
  A worker ant zombie (D:6)
  9 adders
  8 gnolls
  An adder zombie (D:7)
  A worm (D:2)
  5 dart slugs
  3 leopard geckos
  42 orcs
  A ball python (D:2)
  5 bats
  6 goblins
  7 hobgoblins
  5 jackals
  7 quokkas
  5 frilled lizards
  A jackal skeleton (D:8)
  15 kobolds
  3 fungi
  6 plants
  A tentacle (Shoals:1)
467 creatures vanquished.

Vanquished Creatures (collateral kills)
  Rupert (D:14)
  Frances (D:12)
  A merfolk impaler (Shoals:1)
  Josephine (Lair:5)
  Erolcha (D:12)
  A hydra (Lair:1)
  2 centaur warriors
  A catoblepas (Lair:6)
  2 two-headed ogres
  An ogre mage (D:13)
  A satyr (Shoals:3)
  4 death yaks (Lair:6)
  Sonja (Lair:1)
  2 sea snakes
  2 wizards (D:12)
  Pikel (D:6)
  5 ugly things
  A deep elf mage (D:14)
  3 harpies (Shoals:1)
  3 fauns (Shoals:1)
  2 cyclopes
  A manticore (Shoals:1)
  A black mamba (Lair:1)
  Maurice (D:12)
  7 elephants
  A centaur zombie (D:10)
  Joseph (D:8)
  3 spiny frogs
  2 komodo dragons
  A yaktaur (D:13)
  A polar bear (shapeshifter) (D:14)
  A hornet (D:8)
  A troll (D:10)
  A merfolk (Shoals:1)
  3 hippogriffs
  A snapping turtle (Shoals:1)
  4 dream sheep
  Sigmund (D:4)
  30 yaks
  A wraith (Lair:5)
  A basilisk (Lair:3)
  Menkaure (D:7)
  3 water moccasins
  A porcupine (Lair:2)
  An ice beast (D:6)
  2 orc warriors
  A slave (D:6)
  A black bear (D:12)
  3 phantoms
  3 ogres
  A boggart (D:13)
  2 centaurs
  4 crocodiles
  3 bullfrogs
  2 killer bees (D:9)
  An orc priest (D:5)
  An orc wizard (D:5)
  Natasha (D:4)
  A worker ant (D:12)
  A worker ant zombie (D:7)
  A shadow imp (D:6)
  4 orcs
  A giant cockroach (D:4)
  A jackal (D:5)
  A jackal skeleton (D:4)
  3 tentacles (Shoals:1)
144 creatures vanquished.

Vanquished Creatures (others)
  An orc wizard (D:5)
  2 fungi
  2 plants
  39 tentacles (Shoals:1)
44 creatures vanquished.

Grand Total: 655 creatures vanquished

Notes
Turn   | Place    | Note
-------+----------+-------------------------------------------
     0 | D:1      | CozyGlow the Demonspawn Berserker began the quest for the
                  | Orb.
     0 | D:1      | Reached XP level 1. HP: 18/18 MP: 1/1
     2 | D:1      | Noticed a troll
     4 | D:1      | Noticed a ghoul
     4 | D:1      | Noticed a dwarf
     6 | D:1      | Noticed a demonspawn
     6 | D:1      | Noticed a centaur
     8 | D:1      | Noticed a tengu
     8 | D:1      | Noticed a halfling
    10 | D:1      | Noticed a spriggan
    10 | D:1      | Noticed a merfolk
    12 | D:1      | Noticed a formicid
    14 | D:1      | Noticed a minotaur
    14 | D:1      | Noticed a felid
    16 | D:1      | Noticed an ogre
    16 | D:1      | Noticed an elf
    18 | D:1      | Noticed a gargoyle
    18 | D:1      | Noticed a vampire
    20 | D:1      | Noticed a vine stalker
    22 | D:1      | Noticed a human
    22 | D:1      | Noticed a demigod
    24 | D:1      | Noticed a naga
    26 | D:1      | Noticed an octopode
    26 | D:1      | Noticed a draconian
   546 | D:1      | Gained mutation: You are partially covered in iridescent
                  | scales. (AC +2) [demonic ancestry]
   546 | D:1      | Reached XP level 2. HP: 24/24 MP: 2/2
  1278 | D:2      | Gained mutation: A weak demonic guardian rushes to your
                  | aid. [demonic ancestry]
  1278 | D:2      | Reached XP level 3. HP: 29/29 MP: 3/3
  1400 | D:2      | Reached ** piety under Trog
  1931 | D:2      | Found a hazy altar of Hepliaklqana.
  2278 | D:3      | Found a runed gate.
  2278 | D:3      | Found a runed gate.
  2278 | D:3      | Found a runed gate.
  2285 | D:3      | Noticed Hydra's ghost (amateur DsBe)
  2384 | D:3      | Gained mutation: You have large cloven feet. [demonic
                  | ancestry]
  2384 | D:3      | Reached XP level 4. HP: 37/37 MP: 4/4
  2581 | D:3      | Found a blossoming altar of Fedhas.
  2679 | D:4      | Noticed Natasha
  2684 | D:4      | Killed Natasha
  2687 | D:4      | Noticed Natasha
  2689 | D:4      | Noticed an ogre
  2698 | D:4      | Killed an ogre
  2698 | D:4      | Reached skill level 4 in Fighting
  2698 | D:4      | Gained mutation: You are mostly covered in iridescent
                  | scales. (AC +4) [demonic ancestry]
  2698 | D:4      | Reached XP level 5. HP: 32/42 MP: 2/5
  2700 | D:4      | Killed Natasha
  2994 | D:4      | Noticed an ogre
  3004 | D:4      | Killed an ogre
  3016 | D:4      | Reached XP level 6. HP: 45/49 MP: 6/6
  3083 | D:4      | Found an iron altar of Okawaru.
  3084 | D:4      | Found a bloodstained altar of Trog.
  3344 | D:4      | Noticed Blork the orc
  3356 | D:4      | Killed Blork the orc
  3356 | D:4      | Reached skill level 5 in Fighting
  3592 | D:4      | Noticed Sigmund
  3648 | D:4      | Killed Sigmund
  3648 | D:4      | Reached XP level 7. HP: 56/56 MP: 7/7
  4156 | D:5      | Entered Level 5 of the Dungeon
  4362 | D:4      | Reached skill level 5 in Axes
  4647 | D:5      | Reached *** piety under Trog
  4781 | D:5      | Reached skill level 6 in Fighting
  4832 | D:5      | Reached skill level 5 in Armour
  4862 | D:5      | Gained mutation: A demonic guardian rushes to your aid.
                  | [demonic ancestry]
  4862 | D:5      | Reached XP level 8. HP: 63/64 MP: 8/8
  5642 | D:6      | Noticed a hippogriff
  5649 | D:6      | Killed a hippogriff
  5655 | D:6      | Noticed Pikel
  5669 | D:6      | Killed Pikel
  5669 | D:6      | Reached skill level 7 in Fighting
  5680 | D:6      | Found an opulent altar of Gozag.
  5779 | D:6      | Reached XP level 9. HP: 72/72 MP: 9/9
  5897 | D:6      | Found an ornate altar of the Wu Jian Council.
  6082 | D:6      | Found a staircase to the Ecumenical Temple.
  6543 | D:7      | Reached **** piety under Trog
  6543 | D:7      | Received a gift from Trog
  6585 | D:7      | Found a shadowy altar of Dithmenos.
  6585 | D:7      | Found an ornate altar of the Wu Jian Council.
  6586 | D:7      | Found a deep blue altar of Sif Muna.
  6611 | D:7      | Found Simiem's Antique Armour Boutique.
  6754 | D:7      | Noticed Natasha
  6763 | D:7      | Killed Natasha
  6827 | D:7      | Found a snail-covered altar of Cheibriados.
  7138 | D:7      | Reached skill level 8 in Fighting
  7764 | D:7      | Noticed Menkaure
  7771 | D:7      | Killed Menkaure
  8118 | D:7      | Found a glowing silver altar of Zin.
  8118 | D:7      | Found a glowing golden altar of the Shining One.
  8118 | D:7      | Found a white marble altar of Elyvilon.
  8364 | D:8      | Found a sparkling altar of Nemelex Xobeh.
  8364 | D:8      | Found a sacrificial altar of Ru.
  8772 | D:8      | Gained mutation: You have hoof-like feet. [demonic
                  | ancestry]
  8772 | D:8      | Reached XP level 10. HP: 69/82 MP: 8/10
  8799 | D:8      | Noticed Joseph
  8812 | D:8      | Killed Joseph
  8812 | D:8      | Reached skill level 9 in Fighting
 10237 | D:10     | Entered Level 10 of the Dungeon
 10239 | D:10     | Noticed a centaur warrior
 10255 | D:10     | Killed a centaur warrior
 10360 | D:10     | Killed an unseen horror
 10483 | D:10     | Found a staircase to the Lair.
 10606 | D:10     | Found Rudiar's Gadget Emporium.
 10614 | D:10     | Reached skill level 10 in Fighting
 11035 | D:10     | Noticed a two-headed ogre
 11042 | D:10     | Killed a two-headed ogre
 11465 | D:11     | Reached ***** piety under Trog
 11470 | D:11     | Reached XP level 11. HP: 88/91 MP: 9/11
 11479 | D:11     | Got an ichor-stained leather armour
 11481 | D:11     | Noticed a cyan ugly thing
 11493 | D:11     | Killed a cyan ugly thing
 11728 | D:11     | Found Qunamnen's Assorted Antiques.
 11748 | D:11     | Bought a scroll labeled SYNTUDD ZODESHUGG for 28 gold
                  | pieces
 11748 | D:11     | Bought a scroll labeled ASO JOUXONG for 28 gold pieces
 11748 | D:11     | Bought a scroll labeled OGGOUNNIATE for 28 gold pieces
 12378 | D:11     | Noticed a two-headed ogre
 12390 | D:11     | Killed a two-headed ogre
 12856 | D:12     | Noticed Maurice
 12866 | D:12     | Killed Maurice
 13065 | D:12     | Noticed an orc knight
 13074 | D:12     | Noticed Frances
 13079 | D:12     | Reached skill level 10 in Axes
 13083 | D:12     | Killed an orc knight
 13442 | D:12     | Found a portal to a secret trove of treasure.
 13473 | D:12     | Reached skill level 11 in Fighting
 13484 | D:12     | Noticed Erolcha
 13494 | D:12     | Killed Erolcha
 13583 | D:12     | Noticed a brown ugly thing
 13583 | D:12     | Noticed a red ugly thing
 13583 | D:12     | Noticed a white ugly thing
 13595 | D:12     | Killed a cyan ugly thing
 13595 | D:12     | Noticed a red ugly thing
 13601 | D:12     | Killed a green ugly thing
 13613 | D:12     | Killed a green ugly thing
 13617 | D:12     | Killed a red ugly thing
 13634 | D:12     | Noticed a red ugly thing
 13661 | D:12     | Killed a red ugly thing
 13918 | D:12     | Noticed a brown ugly thing
 13929 | D:12     | Killed a brown ugly thing
 13965 | D:12     | Noticed a wizard
 13988 | D:12     | Noticed a purple very ugly thing
 13997 | D:12     | Killed a wizard
 14011 | D:12     | Killed a purple very ugly thing
 14011 | D:12     | Reached skill level 5 in Dodging
 14249 | D:12     | Noticed a wizard
 14252 | D:12     | Killed a wizard
 14357 | D:12     | Noticed a sixfirhy
 14372 | D:12     | Killed Frances
 14372 | D:12     | Reached XP level 12. HP: 39/101 MP: 6/12
 14733 | D:12     | Found a staircase to the Orcish Mines.
 14736 | D:12     | Found Nautselo's Weapon Boutique.
 15592 | D:13     | Received a gift from Trog
 15601 | D:13     | Noticed an ogre mage
 15632 | D:13     | Killed an ogre mage
 15963 | D:13     | Reached skill level 12 in Fighting
 16100 | D:13     | Noticed a two-headed ogre
 16119 | D:13     | Killed a two-headed ogre
 16219 | D:13     | Found a gate to the Vaults.
 16263 | D:14     | Noticed a death knight
 16292 | D:13     | Killed a death knight
 16414 | D:14     | Noticed a centaur warrior
 16421 | D:14     | Killed a centaur warrior
 16730 | D:14     | Noticed a centaur warrior
 16752 | D:14     | Killed a centaur warrior
 16770 | D:14     | Noticed a centaur warrior
 16779 | D:14     | Killed a centaur warrior
 17170 | D:14     | Noticed an ettin
 17177 | D:14     | Noticed a great orb of eyes
 17177 | D:14     | an ettin changed into a great orb of eyes
 17187 | D:14     | Killed a great orb of eyes
 17247 | D:14     | Noticed an ogre mage
 17247 | D:14     | Noticed Rupert
 17247 | D:14     | Noticed a deep elf high priest
 17305 | D:14     | Killed Rupert
 18119 | Lair:1   | Entered Level 1 of the Lair of Beasts
 18119 | Lair:1   | Noticed Sonja
 18125 | Lair:1   | Reached skill level 13 in Fighting
 18131 | Lair:1   | Gained mutation: You are completely covered in iridescent
                  | scales. (AC +6) [demonic ancestry]
 18131 | Lair:1   | Reached XP level 13. HP: 32/111 MP: 3/13
 18134 | Lair:1   | Killed Sonja
 18447 | Lair:1   | Upgraded the game from 0.23-a0-208-gb6b040f to
                  | 0.23-a0-241-g3b46b07
 19855 | Lair:2   | Found a hole to the Spider Nest.
 20174 | Lair:2   | Noticed Wucayzon's ghost (journeyman MiFi)
 20272 | Lair:2   | Found a runed door.
 20293 | Lair:2   | Killed Wucayzon's ghost
 20293 | Lair:2   | Reached skill level 10 in Armour
 20700 | Lair:2   | Found a staircase to the Shoals.
 21761 | Lair:3   | Noticed Nergalle
 21769 | Lair:3   | Killed Nergalle
 21769 | Lair:3   | Reached skill level 14 in Fighting
 21781 | Lair:3   | Received a gift from Trog
 22481 | Lair:3   | Reached ****** piety under Trog
 23657 | Lair:4   | You fall through a shaft for 2 floors!
 23657 | Lair:6   | Entered Level 6 of the Lair of Beasts
 23673 | Lair:6   | Gained mutation: You regenerate a little health from kills.
                  | [demonic ancestry]
 23673 | Lair:6   | Reached XP level 14. HP: 113/121 MP: 4/14
 23792 | Lair:6   | Reached skill level 15 in Fighting
 24361 | Lair:5   | Received a gift from Trog
 26056 | Lair:5   | Noticed Josephine
 26063 | Lair:5   | Killed Josephine
 27248 | Lair:6   | Reached skill level 16 in Fighting
 28490 | Shoals:1 | Entered Level 1 of the Shoals
 28580 | Shoals:1 | Received a gift from Trog
 29147 | Shoals:1 | Found a runed gate.
 29147 | Shoals:1 | Found a runed gate.
 29147 | Shoals:1 | Found a runed gate.
 29148 | Shoals:1 | Noticed Kuptuin's ghost (journeyman HOFi)
 29929 | Shoals:1 | Gained mutation: You have hooves in place of feet. [demonic
                  | ancestry]
 29929 | Shoals:1 | Reached XP level 15. HP: 123/132 MP: 3/15
 30196 | Shoals:1 | Noticed a kraken
 30504 | Shoals:1 | Killed Kuptuin's ghost
 30735 | Shoals:1 | Identified the Disquisition on Fire
 32272 | Shoals:3 | Noticed Polyphemus
 32295 | Shoals:3 | HP: 6/133 [merfolk impaler/trident of flaming (3)]
 32296 | Shoals:3 | Slain by a death yak

Vault maps used:
D:1:      kb_arrival_jail, minmay_misc_feat_columns, minmay_pentomino_v4
D:2:      lemuel_round_altar
D:3:      marbit_many_paths, gammafunk_ghost_necromancy
D:4:      grunt_temple_overflow_bloody_war, serial_co_window_serial,
          co_window_paths_a, co_window_of_opportunity_a, co_window_paths_a,
          co_window_paths_a, co_window_of_opportunity_a, co_window_paths_a,
          co_window_paths_b, co_window_broadway_b, co_window_paths_c,
          co_window_broadway_c, co_window_corner_ca, co_window_4corner_b,
          glass_columns_b, glass_columns_a, glass_columns_a, glass_columns_a,
          glass_columns_a, first_ration, uniq_natasha, uniq_blork_the_orc,
          uniq_sigmund
D:5:      nicolae_underground_beach
D:6:      grunt_gozag_breadcrumbs, minmay_temple_entry_statues_pillars,
          basic_altar, uniq_pikel
D:7:      good_gods_mini_temple, gammafunk_temple_overflow_forgotten,
          serial_shops, shop, corexii_checkpoint_a, grunt_ogre_cave,
          lemuel_statue_altar, uniq_menkaure
D:8:      nemelex_xobeh_ov_fountains_minmay, nicolae_ru_sacrificial_ziggurat,
          uniq_joseph
D:9:      minmay_crystal_room
D:10:     lair_entry_dummy, serial_shops, nicolae_shop_trees
D:11:     serial_shops, nicolae_shop_stone, kennysheep_big_empty_room
D:12:     cheibrodos_breeding_chamber, orc_david_3,
          nicolae_trove_entry_crossroad, uniq_maurice, uniq_frances,
          uniq_erolcha
D:13:     hangedman_vaults_entry_quadrant_bands
D:14:     minmay_textured_paths, basic_altar, abandoned_shop,
          kennysheep_small_spiral, kennysheep_generic_room_4, uniq_rupert
Lair:1:   uniq_sonja
Lair:2:   minmay_shoals_entry_centaurs, spider_nest_entry_webs,
          hellmonk_ghost_happy_afterlife
Lair:3:   grunt_megastairs_2, uniq_nergalle
Lair:4:   nzn_random_ring
Lair:5:   minmay_slime_entry_oklob_enclosed, minivault_27, uniq_josephine
Lair:6:   evilmike_catoblepas_cave
Shoals:1: ebering_ghost_rock_garden
Shoals:3: nicolae_shoals_arrival_archipelago, uniq_ilsuiw, uniq_polyphemus

Skill      XL: |  1  2  3  4  5  6  7  8  9 10 11 12 13 14 15 |
---------------+----------------------------------------------+-----
Armour         | 2 3 4 5 6 7 9 10 11 12 | 12.1
Axes           | 3 4 5 6 8 9 10 11 12 13 | 13.8
Fighting       | 4 5 6 7 8 10 11 13 14 16 | 16.8
Dodging        | 5 7 |  7.4

Action                   |  1- 3 |  4- 6 |  7- 9 | 10-12 | 13-15 || total
-------------------------+-------+-------+-------+-------+-------++-------
Melee: Hand axe          |   111 |       |       |       |       ||   111
       War axe           |     1 |    60 |   307 |   177 |       ||   545
       Kick              |       |    16 |   103 |   163 |   262 ||   544
       Battleaxe         |       |       |       |   167 |       ||   167
       Executioner's axe |       |       |       |    63 |   632 ||   695
Throw: Javelin           |       |     2 |       |     2 |       ||     4
Invok: Berserk           |     1 |       |     3 |    11 |     8 ||    23
       Trog's Hand       |       |       |     1 |       |     2 ||     3
       Brothers in Arms  |       |       |       |     2 |     1 ||     3
Evoke: Wand              |       |       |       |     3 |    27 ||    30
  Use: Scroll            |     6 |     1 |     3 |    15 |    14 ||    39
       Potion            |     1 |       |     2 |     4 |     3 ||    10
 Stab: Distracted        |       |       |     1 |     1 |     4 ||     6
       Petrified         |       |       |       |       |     2 ||     2
       Paralysed         |       |       |       |       |     2 ||     2
  Eat: Ration            |     1 |     1 |     2 |     7 |     9 ||    20
       Chunk             |     2 |     2 |    11 |    18 |    22 ||    55
Armor: Animal skin       |    12 |       |       |       |       ||    12
       Ring mail         |    22 |    20 |   152 |       |       ||   194
       Chain mail        |       |       |     4 |   259 |   412 ||   675
       Skin              |       |       |       |    14 |       ||    14
       Plate armour      |       |       |       |       |    49 ||    49
Dodge: Dodged            |    87 |    42 |   197 |   254 |   411 ||   991
Block: Other             |       |       |       |       |    11 ||    11
       Reflection        |       |       |       |       |     1 ||     1

Table legend:
 A = Non-vault XP
 B = Vault XP
 C = Vault XP percentage of total XP
 D = Non-vault monster count
 E = Vault monster count
 F = Vault count percentage of total count
                 A         B        C        D         E       F
            +---------+---------+-------+---------+---------+-------
      Total |   76732 |   38740 |  33.5 |     484 |     113 |  18.9
            +---------+---------+-------+---------+---------+-------
        D:1 |      23 |       5 |  17.9 |      12 |       3 |  20.0
        D:2 |      59 |       0 |   0.0 |      15 |       0 |   0.0
        D:3 |      28 |       1 |   3.4 |      10 |       1 |   9.1
        D:4 |     565 |     229 |  28.8 |      21 |       4 |  16.0
        D:5 |     715 |       0 |   0.0 |      24 |       0 |   0.0
        D:6 |     782 |     540 |  40.8 |      19 |       1 |   5.0
        D:7 |    1250 |     211 |  14.4 |      17 |       4 |  19.0
        D:8 |    1432 |     204 |  12.5 |      34 |       1 |   2.9
        D:9 |     762 |       0 |   0.0 |      14 |       0 |   0.0
       D:10 |    3583 |       0 |   0.0 |      29 |       0 |   0.0
       D:11 |    3407 |       0 |   0.0 |      24 |       0 |   0.0
       D:12 |    1505 |    7201 |  82.7 |      29 |      19 |  39.6
       D:13 |    2577 |    2578 |  50.0 |      12 |      13 |  52.0
       D:14 |    4889 |    4537 |  48.1 |      18 |       6 |  25.0
     Lair:1 |    3894 |     404 |   9.4 |      22 |       1 |   4.3
     Lair:2 |    6167 |    2392 |  27.9 |      28 |      10 |  26.3
     Lair:3 |    4449 |    2257 |  33.7 |      29 |       7 |  19.4
     Lair:4 |    5784 |    4872 |  45.7 |      23 |      12 |  34.3
     Lair:5 |    4839 |    1278 |  20.9 |      24 |       5 |  17.2
     Lair:6 |   12443 |    8366 |  40.2 |      34 |      23 |  40.4
   Shoals:1 |   10365 |    1842 |  15.1 |      27 |       1 |   3.6
   Shoals:2 |    4481 |       0 |   0.0 |      11 |       0 |   0.0
   Shoals:3 |    2733 |    1823 |  40.0 |       8 |       2 |  20.0
            +---------+---------+-------+---------+---------+-------
